 Dungeon Crawl Stone Soup version 0.21-a0-272-g984ae92 (webtiles) character file.

1712 tilp the Arsonist (level 9, -14/62 HPs)
             Began as a Hill Orc Fire Elementalist on Sept 15, 2017.
             Was a Believer of Okawaru.
             Demolished by an orc warrior
             ... wielding a +0 war axe
              (23 damage)
             ... on level 6 of the Dungeon.
             The game lasted 00:27:24 (8734 turns).

tilp the Arsonist (Hill Orc Fire Elementalist)      Turns: 8734, Time: 00:27:24

Health: -14/62     AC:  5    Str: 11    XL:     9   Next: 4%
Magic:  6/12       EV: 12    Int: 18    God:    Okawaru [**....]
Gold:   308        SH:  0    Dex: 11    Spells: 2/12 levels left

rFire    . . .     SeeInvis .   a - +0 war axe
rCold    . . .     Gourm    .   (no shield)
rNeg     . . .     Faith    .   j - +1 robe
rPois    .         Spirit   .   (no helmet)
rElec    .         Reflect  .   C - +1 cloak
rCorr    .         Harm     .   (no gloves)
MR       .....                  (no boots)
Stlth    ++........             (no amulet)
HPRegen  0.20/turn              (no ring)
MPRegen  0.13/turn              (no ring)

@: no status effects
A: no striking features
a: Heroism, Renounce Religion


You were on level 6 of the Dungeon.
You worshipped Okawaru.
Okawaru was pleased with you.
You were not hungry.

You visited 2 branches of the dungeon, and saw 8 of its levels.
You also visited: Sewer.

You collected 308 gold pieces.

Inventory:

Hand Weapons
 a - a +0 war axe (weapon)
 b - a +0 hunting sling
 q - a +2 whip of electrocution
Missiles
 o - 9 sling bullets
 y - 11 tomahawks (quivered)
Armour
 j - a +1 robe (worn)
 C - a +1 cloak (worn)
Wands
 s - a wand of polymorph (12/24)
 w - a wand of flame (16/48)
Scrolls
 g - a scroll of enchant weapon {unknown}
 h - a scroll of fog {unknown}
 k - a scroll of teleportation
 m - 2 scrolls of recharging
 n - 2 scrolls of blinking {unknown}
 p - 3 scrolls of remove curse
 r - a scroll of amnesia
 t - a scroll of magic mapping
 A - a scroll of torment {unknown}
 D - a scroll of identify
Potions
 d - a potion of berserk rage {unknown}
 e - 3 potions of curing
 i - 4 potions of heal wounds
 u - a potion of invisibility {unknown}
 v - 2 potions of mutation {unknown}
 x - a potion of magic {unknown}
 z - 4 potions of flight
 B - a potion of cancellation {unknown}
Books
 f - a book of Flames

   Spells                             Type                      Level
   a - Flame Tongue                   Conjuration/Fire             1
   b - Throw Flame                    Conjuration/Fire             2
   c - Conjure Flame                  Conjuration/Fire             3
   d - Inner Flame                    Hexes/Fire                   3
   e - Sticky Flame                   Conjuration/Fire             4
   f - Fireball                       Conjuration/Fire             5
Comestibles
 c - 6 bread rations
 l - 6 fruits
 E - a meat ration
 F - a chunk of flesh


   Skills:
 + Level 7.2 Axes
 - Level 1.5 Dodging
 - Level 1.5 Stealth
 - Level 2.1 Spellcasting
 + Level 6.6 Conjurations
 + Level 8.1 Fire Magic


You had 2 spell levels left.
You knew the following spells:

 Your Spells              Type           Power        Failure   Level  Hunger
a - Flame Tongue          Conj/Fire      ####.        1%          1    #......
b - Throw Flame           Conj/Fire      ####..       1%          2    ###....
c - Conjure Flame         Conj/Fire      ####....     2%          3    ###....
d - Sticky Flame          Conj/Fire      ####....     9%          4    #####..


Dungeon Overview and Level Annotations

Branches:
Dungeon (7/15)             Temple (1/1) D:4

Altars:
Ashenzari
Cheibriados
Dithmenos
Gozag
Hepliaklqana
Kikubaaqudgha
Makhleb
Okawaru
Qazlal
Ru
Sif Muna
Trog
Uskayaw
Vehumet
Xom
Zin
The Shining One

Annotations:
D:6 Pikel
D:7 Dowan, Duvessa


Message History

The exploding tomahawk hits you!
The exploding tomahawk explodes!
The explosion of tomahawk fragments engulfs you!
The orc warrior throws an exploding tomahawk.
The exploding tomahawk hits you.
The exploding tomahawk explodes!
The explosion of tomahawk fragments engulfs you!
Okay, then.
Okay, then.
The orc warrior hits you with a war axe!
* * * LOW HITPOINT WARNING * * *
Casting: Throw Flame
Confirm with . or Enter, or press ? or * to list all spells.
Aiming: Sticky Flame
Press: ? - help, Shift-Dir - straight line, f/p - orc warrior
Aim: an orc warrior, wielding a war axe and wearing a chain mail The sticky flame hits the orc warrior.
The orc warrior is lightly wounded.
The orc warrior is covered in liquid flames!
The orc warrior burns!
The orc warrior hits you with a war axe!!
You die...

#.....######### .....##.
#.............# #...... #.
#.............# #......##.
#.......).....# !#.......#.
#####....)....# #.#.........
#.........# ##.#.o.....#.
#########.........# #..o....)....
#.................###............
#...............@.............)..
#...............o............(.(.
#..............................#>
#............#[................##
#............#.................#
#............#.................#
#............#.................#
#............#.................#
#............#.....(...........#


You could see an orc warrior (burning).

Vanquished Creatures
  Grinder (D:6)
  Menkaure (D:6)
  An ice beast (D:5)
  2 slaves
  An ogre (D:5)
  A phantom (D:5)
  2 centaurs
  A big kobold (Sewer)
  A bullfrog (D:6)
  2 scorpions
  A howler monkey (D:6)
  A centaur zombie (D:6)
  2 crimson imps
  2 orc priests
  4 orc wizards
  3 worker ants
  A killer bee zombie (D:5)
  6 gnolls
  4 river rats
  10 adders
  2 shadow imps (D:6)
  An ooze (D:2)
  An adder skeleton (D:3)
  A worm (D:2)
  3 dart slugs
  2 leopard geckos
  21 orcs
  4 bats
  6 giant cockroaches
  6 goblins
  10 hobgoblins
  10 jackals
  3 quokkas
  3 ball pythons (D:1)
  2 frilled lizards (D:2)
  6 kobolds
  8 rats
136 creatures vanquished.

Vanquished Creatures (others)
  An orc (D:6)
1 creature vanquished.

Grand Total: 137 creatures vanquished

Notes
Turn   | Place    | Note
-------+----------+-------------------------------------------
     0 | D:1      | tilp the Hill Orc Fire Elementalist began the quest for the Orb.
     0 | D:1      | Reached XP level 1. HP: 14/14 MP: 3/3
   271 | D:1      | Reached XP level 2. HP: 20/20 MP: 0/4
   301 | D:1      | Learned a level 2 spell: Throw Flame
   682 | D:1      | Reached skill level 1 in Axes
   903 | D:1      | Reached XP level 3. HP: 26/26 MP: 3/5
  1415 | D:2      | Noticed a scorpion
  1419 | D:2      | Killed a scorpion
  1419 | D:2      | Reached XP level 4. HP: 33/33 MP: 2/7
  1424 | D:2      | Learned a level 3 spell: Conjure Flame
  1766 | D:2      | Reached skill level 4 in Fire Magic
  1766 | D:2      | Reached XP level 5. HP: 25/38 MP: 0/8
  2936 | D:3      | Found a faded altar of an unknown god.
  3491 | D:3      | Reached XP level 6. HP: 44/45 MP: 9/9
  4065 | D:4      | Found a glowing drain.
  4210 | Sewer    | Entered a sewer
  4479 | Sewer    | Found a glowing silver altar of Zin.
  4564 | D:4      | Found a glowing silver altar of Zin.
  4712 | D:4      | Found a staircase to the Ecumenical Temple.
  4962 | Temple   | Entered the Ecumenical Temple
  5015 | Temple   | Became a worshipper of Warmaster Okawaru
  5236 | D:4      | Found a shadowy altar of Dithmenos.
  5665 | D:5      | Entered Level 5 of the Dungeon
  5710 | D:4      | Reached XP level 7. HP: 48/50 MP: 10/10
  5731 | D:5      | Reached skill level 5 in Fire Magic
  5862 | D:5      | Found a snail-covered altar of Cheibriados.
  5908 | D:5      | Reached skill level 5 in Conjurations
  5971 | D:5      | Reached skill level 5 in Axes
  5978 | D:5      | Learned a level 4 spell: Sticky Flame
  6048 | D:5      | Reached skill level 6 in Fire Magic
  6483 | D:5      | Reached XP level 8. HP: 50/57 MP: 5/11
  6527 | D:5      | Reached * piety under Okawaru
  6843 | D:5      | Found a stormy altar of Qazlal.
  7004 | D:5      | Found an opulent altar of Gozag.
  7007 | D:5      | Found a burning altar of Makhleb.
  7043 | D:6      | Noticed Pikel
  7169 | D:6      | Noticed Grinder
  7322 | D:6      | Found a shattered altar of Ashenzari.
  7742 | D:6      | Killed Grinder
  7742 | D:6      | Reached skill level 7 in Fire Magic
  8052 | D:6      | Noticed Menkaure
  8072 | D:6      | Killed Menkaure
  8072 | D:6      | Reached ** piety under Okawaru
  8159 | D:7      | Noticed Duvessa
  8159 | D:7      | Noticed Dowan
  8320 | D:6      | Reached skill level 8 in Fire Magic
  8320 | D:6      | Reached XP level 9. HP: 41/62 MP: 7/12
  8734 | D:6      | Demolished by an orc warrior

Vault maps used:
D:1:      onia_arrival_pentagram, minmay_shallow_snake_nest
D:2:      hangedman_decor_riveting
D:3:      first_bread, chequers_ecumenical_altar_lobes
D:4:      kennysheep_little_box, zin_academy, minmay_temple_entry_glass,
          portal_sewer_entry_c
D:5:      nicolae_overflow_crystal_walls, marbit_many_paths, minitemple
D:6:      ashenzari_altar_1, st_stairs_14, uniq_grinder, uniq_pikel,
          uniq_menkaure
D:7:      lemuel_zombie_altar_yredelemnul, kennysheep_small_square, uniq_duvessa
Temple:   dpeg_chambers_temple
Sewer:    sewer_kobolds

Skill      XL: |  1  2  3  4  5  6  7  8 |
---------------+-------------------------+-----
Axes           | 1 2 3 4 5 7 |  7.2
Conjurations   | 2 3 4 5 6 |  6.6
Spellcasting   | 2 |  2.1
Fire Magic     | 4 6 8 |  8.1
Dodging        | |  1.5
Stealth        | |  1.5

Action                   |  1- 3 |  4- 6 |  7- 9 || total
-------------------------+-------+-------+-------++-------
Melee: Club              |     5 |       |       ||     5
       Unarmed           |     4 |       |       ||     4
       Hand axe          |    24 |    20 |       ||    44
       Mace              |     5 |       |       ||     5
       War axe           |       |    56 |   152 ||   208
 Fire: Hunting sling     |    11 |    76 |    12 ||    99
Throw: Tomahawk          |       |     3 |    10 ||    13
 Cast: Flame Tongue      |    26 |    71 |    95 ||   192
       Conjure Flame     |       |     4 |     2 ||     6
       Throw Flame       |       |       |    10 ||    10
       Sticky Flame      |       |       |     5 ||     5
  Use: Scroll            |       |     8 |     3 ||    11
       Potion            |       |       |     3 ||     3
 Stab: Sleeping          |       |     2 |       ||     2
  Eat: Chunk             |     2 |    11 |     4 ||    17
       Meat ration       |       |     1 |     1 ||     2
       Royal jelly       |       |     1 |       ||     1
       Fruit             |       |       |     1 ||     1
Armor: Robe              |     7 |    20 |    52 ||    79
Dodge: Dodged            |    31 |    84 |   107 ||   222

Table legend:
 A = Spawn XP
 B = Non-spawn XP
 C = Spawn XP percentage of total XP
 D = Spawn monster count
 E = Non-spawn monster count
 F = Spawn count percentage of total count
 G = Total turns spent on level
                    A         B        C        D         E        F      G
               +---------+---------+-------+---------+---------+-------+---------
         Total |       0 |    2446 |   0.0 |       0 |     134 |   0.0 |  8734
               +---------+---------+-------+---------+---------+-------+---------
           D:1 |       0 |      39 |   0.0 |       0 |      22 |   0.0 |  1326
           D:2 |       0 |     193 |   0.0 |       0 |      27 |   0.0 |  1398
           D:3 |       0 |     126 |   0.0 |       0 |      21 |   0.0 |  1312
           D:4 |       0 |     166 |   0.0 |       0 |      15 |   0.0 |  1117
           D:5 |       0 |     796 |   0.0 |       0 |      19 |   0.0 |  1807
           D:6 |       0 |    1004 |   0.0 |       0 |      22 |   0.0 |  1213
         Sewer |       0 |     122 |   0.0 |       0 |       8 |   0.0 |   316
               +---------+---------+-------+---------+---------+-------+---------
